tourhack, neutral male human Tourist --------------- |........?....| |........s....| |........@....| |../..........+ -----------d--- ------- # #....... # `#|.....| ### |..<..| # # |.....| ---------|----- ##....... |.............| # |.....| |..............######## ------- |.............| |...[.........| |...>.........| --------------- tourhack the Sightseer Experience level: 4 Strength: 10 Dexterity: 13 Constitution: 16 Intelligence: 12 Wisdom: 8 Charisma: 18 Health: 0(24) Energy: 12(12) Def: 2 Gold: 1262 Moves: 2935 Dungeon seed: IUtMxvTUPIS0hzdO Game ID: tourhack_1440767576 Your Inventory: Coins $ - 1262 gold pieces Weapons a - 20 +2 darts o - 12 +0 darts (in quiver) Armor e - an uncursed +0 Hawaiian shirt (being worn) n - an uncursed +0 elven cloak (being worn) y - an uncursed +0 orcish helm (being worn) Comestibles c - 13 uncursed food rations d - an uncursed lembas wafer v - an uncursed apple B - 3 uncursed tripe rations O - an uncursed carrot Scrolls H - an uncursed scroll of create monster P - an uncursed scroll of identify Potions h - 2 uncursed potions of extra healing D - 2 uncursed potions of fruit juice L - an uncursed potion of paralysis Rings A - an uncursed ring of polymorph control Wands F - a wand of speed monster (0:2) I - a blessed wand of light (0:12) Tools j - an expensive camera (0:72) k - an uncursed skeleton key J - an uncursed tin whistle Gems q - an uncursed worthless piece of green glass r - an uncursed worthless piece of blue glass Spells and supernatural/magical abilities: Name Level Category Fail Memory W - pray for help -- divine ? -- Your skills at the end: Fighting Skills Weapon Skills dart [Basic] Spellcasting Skills Final Attributes: You were piously aligned. You were sleep resistant. You were stealthy. You were fast. You were lucky. You are dead. Vanquished creatures: a homunculus a rothe a rabid rat an orc zombie a wererat an iguana 3 coyotes a large kobold a giant rat 2 cave spiders a brown mold 2 yellow molds a red mold a gnome zombie 2 geckos 3 jackals 2 foxes a kobold 3 goblins 7 grid bugs 3 bats 6 lichens a kobold zombie 8 newts 54 creatures vanquished. Voluntary challenges: You were an atheist. You never hit with a wielded weapon. You read items or engraved 74 times, starting on turn 1794. You never genocided any monsters. You never polymorphed an object. You never changed form. You used no wishes. You never split a pudding. You wrote Elbereth's name 68 times, starting on turn 1853. You never violated your personal moral code. Dungeon overview: The Dungeons of Doom: levels 1 to 8 Level 1 a long staircase Level 2 a fountain Level 3 a delicatessen stairs to The Gnomish Mines Level 4 some fountains Level 5 Level 6 many fountains Level 7 <- You were here Level 8 The Gnomish Mines: Level 4 stairs to The Dungeons of Doom History has recorded: On T:1 you entered the Dungeons of Doom to retrieve the Amulet of Yendor! On T:13 you reached level 2 of The Dungeons of Doom. On T:557 you reached level 3 of The Dungeons of Doom. On T:665 you advanced to experience level 2. On T:1444 you advanced to experience level 3. On T:1475 you reached level 4 of The Dungeons of Doom. On T:1511 you reached level 1 of The Gnomish Mines. On T:1620 you reached level 5 of The Dungeons of Doom. On T:1850 you reached level 6 of The Dungeons of Doom. On T:1938 you reached level 7 of The Dungeons of Doom. On T:2294 you advanced to experience level 4. On T:2897 you reached level 8 of The Dungeons of Doom. Score breakdown: Gold: 380 ( 8779 points) Experience: 4 levels ( 9649 points) Exploration: 8 levels ( 15.09%) (11006 points) Discoveries: 4 items ( 1.34%) ( 3475 points) Valuables value: (no points given unless you survive) Artifact value: 0 ( 0 points) Variety of kills: 24 monsters ( 6.30%) ( 7529 points) Turncount: 2935 turns ( -567 points) Survival: died (score multiplied by 80%) Total score: 31896 Latest messages: A food ration on the floor of a room. You put a white gem into the large box. You are stuck to the web. The giant spider bites! You die... Final status: Aloha tourhack the Tourist, killed by a giant spider... You died in The Dungeons of Doom on dungeon level 7 with 31896 points, and 1262 pieces of gold, after 2935 moves. You were level 4 with a maximum of 24 hit points when you died.